Map: Snowbound Colony

Players

Cthulhu

  • Race: Terran Terran
  • Spawn Location: 6:00

Faust

  • Race: Zerg Zerg
  • League: Diamond
  • Spawn Location: 7:00

Throwfordays

  • Race: Protoss Protoss
  • League: Silver
  • Spawn Location: 7:00

BurntSoap

  • Race: Protoss Protoss
  • League: Diamond
  • Spawn Location: 1:00

Cherubim

  • Race: Terran Terran
  • League: Grandmaster
  • Spawn Location: 1:00

SeOuLStEaL

  • Race: Protoss Protoss
  • League: Master
  • Spawn Location: 12:00

VOD

Have the link to the VOD?

Description

Time

  • Played on: April 2, 2019, 11:48 p.m.
  • Length: 21:08
Show
View Real Time Build Order
Export as new Build Order

Cthulhu Terran 

Build Orders: 2 Factory 

Get SALT Encoding   

  12  0:01  SCV  
  13  0:13  SCV  
  14  0:19  Supply Depot  
  14  0:25  SCV  
  15  0:40  SCV  
  15  0:42  Barracks  
  16  0:47  Refinery  
  16  0:52  SCV  
  17  1:01  Refinery  
  17  1:13  SCV  
  18  1:29  Orbital Command  
  18  1:31  Supply Depot  
  18  1:32  Marine  
  19  1:49  Factory  
  19  1:53  Marine  
  20  1:55  SCV  
  21  2:09  SCV  
  21  2:15  Marine  
  23  2:26  Factory  
  23  2:27  SCV  
  24  2:43  Factory Tech Lab  
  24  2:50  Command Center  
  24  3:01  Marine, SCV  
  26  3:06  Siege Tank  
  26  3:11  Factory Tech Lab  
  29  3:26  Engineering Bay  
  27  3:34  SCV  
  27  3:35  Marine  
  29  3:42  Supply Depot  
  29  3:58  SCV  
  29  4:01  Siege Tank x2  
  36  4:06  Missile Turret x2  
  36  4:11  SCV  
  37  4:17  Orbital Command  
  37  4:38  SCV  
  38  4:39  Siege Tank  
  38  4:41  Marine  
  38  4:44  Siege Tank  
  45  4:47  SCV  
  46  4:56  Armory  
  46  5:04  Supply Depot, SCV x2  
  48  5:27  Siege Tank x2  
  54  5:28  SCV x2  
  54  5:30  Barracks Tech Lab  
  54  5:33  Refinery  
  54  5:35  Refinery  
  56  5:40  SCV  
  56  5:41  Supply Depot  
  57  5:43  SCV  
  57  5:45  Terran Vehicle Weapons Level 1  
  58  5:52  Marine, SCV, Combat Shield  
  58  5:55  SCV  
  61  6:06  Barracks  
  61  6:10  Siege Tank  
  64  6:16  Marine, SCV x2  
  67  6:31  Siege Tank  
  70  6:37  Command Center  
  69  7:25  Widow Mine, Armory  
  70  7:33  Siege Tank  
  68  7:40  Terran Vehicle And Ship Armor Level 1  
  56  7:46  Siege Tank  
  56  7:47  SCV x2  
  61  7:59  SCV  
  61  8:01  Command Center  
  60  8:06  Siege Tank  
  58  8:18  Siege Tank  
  60  8:28  Marine, SCV x2  
  52  8:53  Marine, SCV  
  51  9:05  SCV, Command Center  
  51  9:06  Siege Tank  
  55  9:10  Supply Depot  
  55  9:12  Supply Depot  
  55  9:31  Marine x2, SCV, Siege Tank  
  61  9:51  Marine, SCV  
  61  9:52  Marine, Siege Tank  
  67  9:53  Terran Vehicle Weapons Level 2  
  67  10:03  Siege Tank  
  68  10:09  Marine  
  69  10:16  SCV  
  70  10:37  Orbital Command, Command Center, Missile Turret  
  70  10:40  Sensor Tower  
  65  11:33  Marine x2  
  65  11:34  Thor, Siege Tank  
  65  11:37  Terran Vehicle And Ship Armor Level 2  
  76  11:42  Missile Turret  
  76  11:43  SCV x2  
  78  11:50  Marine  
  78  11:53  Marine  
  80  11:57  Refinery  
  80  11:59  Terran Infantry Armor Level 1  
  80  12:09  Sensor Tower  
  80  13:08  Marine, SCV x2  
  80  13:09  Marine  
  80  13:10  Orbital Command  
  70  13:27  SCV x2  
  70  13:28  Siege Tank  
  70  13:29  Siege Tank  
  57  13:58  SCV x2  
  47  14:17  SCV x2  
  40  14:29  SCV  
  40  14:30  Supply Depot  
  41  14:35  Marine x2  
  41  14:37  Siege Tank x2  
  49  14:42  Terran Vehicle And Ship Armor Level 3, Terran Vehicle Weapons Level 3  
  49  14:44  Starport  
  37  15:09  Hellion x2  
  37  15:11  Orbital Command  
  33  15:21  Supply Depot  
  33  15:41  SCV x2  
  33  15:42  SCV  
  36  15:46  Refinery x2  
  36  15:48  Marine x2, Siege Tank x2  
  44  15:52  Command Center  
  44  15:57  SCV x3  
  37  16:11  Supply Depot  
  37  16:12  Supply Depot  
  21  16:45  Hellion x2  
  16  17:53  Command Center  
  16  17:54  Marine x2  
  16  17:56  Hellion x2  
  22  18:12  Marine  
  17  18:46  Hellion x2  
  21  19:06  Orbital Command  
  21  19:07  Refinery  
  18  19:27  Hellion x2  
  4  19:50  Orbital Command  
    20:02  Orbital Command  
    20:16  SCV  
  1  20:28  SCV  
  2  20:36  Orbital Command  
  3  20:48  SCV  
Show
View Real Time Build Order
Export as new Build Order

Faust Zerg 

Build Orders: Hatch First, Lurkers 

Get SALT Encoding   

  12  0:01  Drone  
  13  0:09  Drone  
  13  0:13  Extractor  
  13  0:16  Drone  
  15  0:23  Overlord  
  15  0:41  Drone  
  15  0:42  Drone  
  17  0:57  Hatchery  
  17  0:59  Drone  
  17  1:09  Extractor, Drone  
  17  1:20  Spawning Pool  
  17  1:22  Drone  
  17  1:25  Drone  
  18  1:29  Drone  
  19  1:40  Overlord  
  19  2:10  Metabolic Boost  
  19  2:11  Zergling x2  
  19  2:12  Zergling x4  
  19  2:13  Zergling x2  
  19  2:15  Queen  
  23  2:18  Queen  
  23  2:21  Drone  
  28  2:27  Drone  
  29  2:35  Zergling x4  
  31  2:45  Zergling x4  
  33  2:59  Overlord  
  33  3:03  Overlord  
  33  3:04  Lair  
  27  3:30  Zergling x2  
  27  3:31  Zergling x10  
  33  3:34  Drone x2  
  33  3:35  Drone x3  
  38  3:46  Drone  
  38  3:47  Extractor, Drone x2  
  40  3:55  Spore Crawler  
  39  3:57  Spore Crawler  
  39  4:00  Drone  
  39  4:10  Hydralisk Den  
  28  4:35  Drone  
  28  4:36  Drone x9  
  38  4:41  Drone x2  
  38  4:44  Drone  
  41  4:49  Overlord  
  41  5:08  Extractor  
  41  5:09  Drone  
  41  5:10  Extractor, Drone x3  
  41  5:14  Hatchery  
  42  5:15  Drone  
  42  5:17  Drone  
  42  5:19  Drone  
  45  5:31  Muscular Augments  
  45  5:32  Lurker Den  
  45  5:34  Drone  
  45  5:35  Drone  
  46  5:40  Queen  
  46  5:42  Overlord  
  48  5:43  Drone x2  
  48  5:45  Drone  
  48  5:47  Drone  
  52  5:52  Drone x2  
  52  5:54  Drone  
  52  5:55  Drone  
  56  6:08  Spore Crawler  
  56  6:10  Overlord x3  
  55  6:17  Evolution Chamber  
  54  6:19  Evolution Chamber  
  53  6:28  Drone  
  53  6:29  Drone x8  
  62  6:33  Drone  
  62  6:42  Grooved Spines  
  62  6:43  Hydralisk x4  
  67  6:47  Hydralisk  
  67  6:52  Hydralisk  
  65  7:06  Hydralisk x4  
  70  7:14  Drone x3  
  71  7:16  Zerg Missile Weapons Level 1  
  61  7:51  Hydralisk  
  61  7:52  Hydralisk x9  
  61  7:54  Drone  
  69  8:05  Zerg Ground Armor Level 1  
  50  8:27  Drone x6  
  50  8:28  Drone x2  
  44  8:52  Hydralisk  
  44  8:53  Hydralisk  
  44  8:54  Hydralisk x2  
  52  9:13  Drone x3  
  52  9:15  Drone  
  52  9:16  Hatchery  
  55  9:18  Drone  
  50  9:35  Hydralisk  
  50  9:36  Hydralisk x3  
  58  9:42  Drone x2  
  58  9:43  Drone  
  58  9:45  Drone  
  62  9:46  Drone  
  63  9:54  Drone  
  64  10:08  Lurker x4  
  64  10:09  Lurker x2  
  71  10:14  Lurker  
  71  10:19  Queen  
  73  10:27  Drone  
  74  10:39  Infestation Pit  
  73  11:02  Hatchery  
  72  11:05  Drone  
  72  11:07  Overlord x5  
  72  11:09  Overlord  
  73  11:18  Zerg Missile Weapons Level 2  
  73  11:19  Zerg Ground Armor Level 2  
  75  11:31  Hive  
  73  11:36  Drone  
  73  11:37  Drone x8  
  82  11:53  Drone x2  
  82  11:54  Drone x4  
  88  12:01  Overlord x2  
  88  12:13  Extractor  
  87  12:18  Extractor  
  86  12:31  Drone, Pneumatized Carapace  
  86  12:32  Drone x3  
  86  12:33  Drone x2  
  92  12:54  Overlord  
  92  12:59  Overseer  
  92  13:01  Adaptive Talons  
  92  13:03  Burrow  
  92  13:11  Lurker  
  92  13:12  Lurker x2  
  95  13:16  Overseer  
  68  14:14  Hydralisk x5  
  68  14:15  Hydralisk x5  
  85  14:19  Drone  
  85  14:22  Hydralisk  
  85  14:23  Hydralisk x6  
  100  14:25  Zerg Ground Armor Level 3, Zerg Missile Weapons Level 3  
  90  14:45  Lurker x3  
  69  14:52  Lurker x3  
  70  14:58  Drone  
  64  15:29  Drone  
  64  15:30  Drone x8  
  64  15:31  Queen  
  64  15:32  Queen  
  74  16:14  Hydralisk x2  
  74  16:15  Hydralisk x9  
  65  16:26  Spire  
  59  16:35  Lurker x2  
  61  16:43  Lurker x3  
  59  16:48  Lurker x2  
  59  16:54  Zergling x4  
  59  16:55  Zergling x20  
  71  17:02  Zerg Melee Weapons Level 1  
  36  17:41  Hydralisk x6  
  45  17:44  Queen  
  47  17:57  Hydralisk x2  
  51  18:20  Queen  
  51  18:21  Hydralisk x4  
  59  18:53  Hatchery  
  58  18:55  Extractor  
  57  19:24  Hydralisk x6  
  69  19:36  Extractor  
  28  20:24  Drone x2  
Show
View Real Time Build Order
Export as new Build Order

Throwfordays Protoss 

Build Orders: 1 Gate Expand 

Get SALT Encoding   

  1  0:00  Probe  
  12  0:05  Probe  
  14  0:19  Pylon  
  14  0:22  Probe  
  15  0:37  Probe  
  15  0:41  Gateway  
  16  0:49  Probe  
  17  1:14  Nexus  
  17  1:23  Assimilator  
  17  1:26  Probe  
  18  1:37  Cybernetics Core  
  18  1:38  Probe  
  19  1:50  Probe  
  20  1:55  Forge  
  20  2:01  Assimilator  
  20  2:02  Probe  
  21  2:14  Probe  
  22  2:26  Probe  
  23  2:32  Nexus  
  23  2:35  Probe  
  24  2:44  Pylon  
  24  2:47  Probe  
  25  2:54  Pylon  
  25  2:56  Probe  
  25  3:05  Probe  
  26  3:10  Photon Cannon  
  27  3:14  Probe  
  28  3:20  Photon Cannon  
  28  3:27  Photon Cannon  
  28  3:34  Photon Cannon  
  28  3:37  Probe  
  28  3:40  Probe  
  30  3:48  Probe  
  30  3:49  Probe  
  30  3:54  Photon Cannon  
  32  3:58  Probe  
  32  4:01  Photon Cannon  
  32  4:02  Probe  
  33  4:08  Pylon  
  34  4:10  Probe  
  34  4:13  Probe  
  36  4:18  Probe  
  37  4:25  Probe  
  37  4:29  Probe  
  39  4:38  Probe  
  40  4:40  Photon Cannon  
  40  4:41  Probe  
  40  4:45  Photon Cannon  
  41  4:50  Probe  
  42  4:53  Probe  
  42  4:55  Protoss Ground Weapons Level 1  
  42  4:59  Pylon  
  43  5:00  Assimilator  
  43  5:02  Probe  
  43  5:03  Assimilator, Pylon  
  43  5:05  Probe  
  43  5:06  Assimilator  
  45  5:11  Assimilator, Probe x2  
  46  5:17  Probe  
  46  5:19  Probe  
  48  5:21  Protoss Air Weapons Level 1  
  48  5:23  Probe  
  48  5:24  Photon Cannon  
  48  5:28  Photon Cannon, Probe  
  50  5:30  Probe  
  50  5:32  Photon Cannon  
  52  5:35  Probe  
  52  5:36  Photon Cannon  
  52  5:40  Probe  
  54  5:52  Probe  
  54  5:54  Pylon  
  54  5:56  Robotics Facility  
  55  5:58  Cybernetics Core  
  55  6:02  Probe  
  55  6:03  Forge, Probe  
  55  6:04  Probe  
  56  6:05  Twilight Council  
  56  6:10  Probe  
  58  6:12  Probe  
  58  6:15  Probe  
  61  6:19  Probe  
  61  6:20  Robotics Facility, Probe  
  61  6:21  Robotics Facility  
  61  6:24  Pylon  
  63  6:25  Protoss Ground Armor Level 1  
  63  6:28  Probe  
  63  6:29  Warp Gate  
  63  6:30  Pylon  
  63  6:32  Charge  
  64  6:33  Pylon  
  64  6:37  Pylon  
  64  6:40  Pylon  
  64  6:43  Pylon  
  64  6:52  Adept  
  66  6:57  Immortal  
  70  7:08  Immortal  
  70  7:09  Immortal  
  70  7:12  Robotics Facility  
  70  7:14  Robotics Bay  
  70  7:15  Templar Archives  
  78  7:28  Protoss Ground Weapons Level 2  
  78  7:29  Gateway  
  78  7:34  Probe  
  79  7:46  Probe  
  80  7:56  Robotics Bay  
  80  7:58  Probe  
  80  8:02  Extended Thermal Lance  
  81  8:12  Colossus x4  
  87  8:18  Stalker  
  107  8:44  Gateway  
  107  8:45  Gateway  
  107  8:47  Gateway  
  107  8:49  Gateway  
  107  8:59  Psionic Storm  
  107  9:05  Nexus  
  107  9:06  Pylon  
  107  9:09  Pylon  
  107  9:11  Assimilator  
  107  9:16  Assimilator  
  107  9:20  Probe  
  108  9:30  Protoss Ground Armor Level 2  
  108  9:37  Immortal x4  
  124  9:44  Blink  
  122  10:09  Stalker x3  
  122  10:10  Stalker x3  
  134  10:28  Nexus  
  134  10:47  Immortal x4  
  150  10:58  Pylon  
  150  11:02  Pylon, Protoss Ground Weapons Level 3, High Templar x2  
  150  11:03  High Templar x4  
  162  11:04  Pylon  
  162  11:06  Pylon  
  162  11:09  Pylon  
  162  11:20  Pylon  
  162  11:22  Pylon  
  162  11:45  Protoss Ground Armor Level 3  
  162  11:56  High Templar x5  
  162  11:57  High Templar  
  174  13:00  Zealot x5  
  174  13:01  Zealot  
  186  13:24  Zealot  
  186  13:26  Zealot x5  
  184  13:50  Protoss Shields Level 1  
  78  15:03  Immortal x4  
  78  15:06  Zealot x6  
  94  15:29  Zealot x6  
  106  15:42  Immortal x2  
  118  15:43  Immortal x2  
  108  16:11  Zealot  
  108  16:12  Zealot x5  
  86  16:27  Immortal x3  
  86  16:28  Immortal  
  97  16:33  Zealot x2  
  97  16:34  Zealot x4  
  98  16:54  Zealot x5  
  98  16:55  Zealot  
  106  17:16  Zealot  
  106  17:17  Zealot x5  
  118  17:25  Nexus  
  118  17:29  Assimilator  
  78  17:40  Observer x4  
  81  17:51  Photon Cannon  
  81  17:56  Photon Cannon  
  79  18:00  Photon Cannon  
  79  18:01  Zealot x4  
  79  18:02  Zealot x2  
  79  18:04  Photon Cannon  
  90  18:06  Photon Cannon  
  82  18:36  Zealot  
  82  18:37  Zealot x5  
  92  18:41  Immortal  
  92  18:42  Immortal x3  
  99  19:00  Dark Shrine  
  99  19:08  Probe  
  98  19:20  Probe, Warp Prism x2  
  98  19:21  Photon Cannon, Immortal  
  98  19:24  Photon Cannon  
  107  19:32  Probe  
  107  19:36  Zealot x3  
  107  19:37  Zealot x3  
  120  19:44  Probe  
  108  19:56  Colossus, Probe  
  99  20:20  Zealot x4  
  99  20:21  Zealot x2  
Show
View Real Time Build Order
Export as new Build Order

BurntSoap Protoss 

Build Orders:  

Get SALT Encoding   

  12  0:01  Probe  
  13  0:13  Probe  
  14  0:18  Pylon  
  14  0:25  Probe  
  15  0:37  Probe  
  15  0:39  Gateway  
  16  0:45  Assimilator  
  16  0:49  Probe  
  17  1:01  Probe  
  18  1:14  Probe  
  19  1:22  Gateway  
  19  1:33  Cybernetics Core  
  19  1:36  Probe  
  20  1:48  Probe  
  21  2:04  Nexus  
  21  2:07  Pylon  
  21  2:09  Probe  
  22  2:20  Twilight Council  
  22  2:23  Probe  
  23  2:35  Probe  
  24  2:39  Warp Gate  
  24  2:47  Probe  
  25  2:56  Gateway, Zealot  
  25  2:57  Gateway  
  27  3:00  Zealot  
  27  3:01  Charge  
  29  3:14  Probe  
  29  3:16  Probe  
  31  3:35  Probe  
  31  3:36  Probe  
  33  3:43  Probe  
  33  3:44  Probe  
  35  3:48  Gateway  
  35  3:51  Gateway  
  35  3:53  Probe x2  
  35  3:55  Pylon  
  35  4:01  Probe x2  
  37  4:08  Zealot x2  
  43  4:16  Robotics Facility  
  43  4:28  Zealot x2  
  47  4:42  Probe x2  
  49  4:46  Gateway  
  49  4:47  Gateway  
  49  4:57  Pylon  
  49  5:02  Forge  
  49  5:04  Zealot x2  
  53  5:11  Pylon  
  53  5:12  Pylon  
  53  5:14  Pylon  
  53  5:15  Warp Prism  
  53  5:16  Probe x2  
  57  5:48  Probe x2  
  59  5:50  Protoss Ground Armor Level 1  
  59  5:55  Zealot x8  
  75  6:27  Probe x2  
  77  6:39  Probe x2  
  79  6:40  Zealot x3  
  79  6:45  Pylon  
  85  6:48  Pylon  
  85  6:50  Pylon  
  85  6:52  Pylon  
  85  7:08  Gateway  
  85  7:10  Gateway  
  85  7:13  Gateway, Zealot x8  
  85  7:14  Gateway  
  101  7:18  Gateway x2  
  101  7:19  Gateway  
  85  7:47  Zealot x3  
  85  7:48  Zealot x5  
  95  7:56  Probe x2  
  97  8:15  Nexus  
  97  8:18  Zealot x7  
  97  8:19  Zealot x3  
  61  8:53  Zealot x9  
  61  8:54  Zealot x2  
  71  8:57  Protoss Ground Armor Level 2  
  71  8:59  Probe x2  
  73  9:11  Probe  
  73  9:12  Probe  
  73  9:14  Zealot x2  
  73  9:15  Zealot  
  81  9:23  Probe  
  81  9:24  Probe  
  83  9:45  Pylon  
  83  9:47  Pylon  
  83  9:49  Probe x2  
  83  9:50  Probe  
  86  9:58  Nexus  
  58  10:18  Zealot x2  
  58  10:20  Zealot  
  58  10:21  Zealot  
  66  10:34  Zealot x4  
  66  10:35  Zealot  
  58  11:22  Probe x3  
  58  11:25  Probe  
  62  11:30  Zealot x4  
  62  11:31  Zealot x11  
  92  11:34  Probe x3  
  92  11:37  Probe  
  96  11:42  Gateway  
  96  11:43  Gateway  
  96  11:44  Gateway x2  
  96  11:45  Gateway  
  96  11:46  Probe  
  97  11:48  Gateway  
  97  11:49  Gateway  
  97  11:51  Gateway  
  97  11:52  Pylon, Gateway  
  97  11:53  Protoss Ground Armor Level 3  
  97  11:54  Pylon  
  97  11:56  Pylon  
  97  11:58  Zealot x3  
  97  11:59  Pylon, Zealot x2  
  97  12:01  Pylon  
  107  12:39  Zealot x4  
  107  12:40  Zealot x9  
  107  12:41  Zealot x4  
  107  12:42  Zealot  
  143  12:53  Zealot x3  
  143  12:54  Zealot x3  
  141  13:23  Zealot x8  
  141  13:24  Zealot x5  
  141  13:25  Zealot x3  
  107  14:19  Zealot  
  107  14:20  Zealot x10  
  107  14:21  Zealot x7  
  107  14:22  Zealot x5  
  107  14:23  Zealot  
  111  15:05  Zealot x2  
  111  15:06  Zealot x9  
  111  15:07  Zealot x9  
  125  15:08  Zealot x3  
  125  15:09  Zealot  
  119  15:31  Zealot x7  
  119  15:32  Zealot x8  
  119  15:33  Zealot  
  69  17:46  Nexus  
  69  17:50  Zealot x11  
  69  17:51  Zealot x6  
  95  17:52  Zealot x5  
  95  17:53  Zealot x2  
  95  17:56  Pylon  
  117  17:59  Pylon  
  117  18:19  Zealot  
  119  18:20  Zealot x3  
  119  18:21  Stalker x2  
  119  18:22  Stalker  
  131  18:36  Protoss Shields Level 1  
  131  18:37  Zealot x4  
  131  18:38  Zealot x9  
  131  18:39  Zealot x5  
  131  18:40  Zealot x3  
  173  19:05  Zealot x6  
  173  19:06  Zealot x3  
  173  19:07  Zealot x2  
  173  19:08  Zealot x2  
  149  20:18  Nexus  
  137  20:34  Zealot x5  
  137  20:35  Zealot x10  
  159  20:36  Zealot x4  
  159  20:37  Zealot x4  
  159  20:38  Zealot  
Show
View Real Time Build Order
Export as new Build Order

Cherubim Terran 

Build Orders: 2 Factory, Cyclone Opening, Mech 

Get SALT Encoding   

  12  0:00  SCV  
  13  0:13  SCV  
  14  0:20  Supply Depot  
  14  0:25  SCV  
  15  0:31  Refinery  
  15  0:41  SCV  
  16  0:47  Barracks  
  16  0:54  SCV  
  17  1:06  SCV  
  18  1:18  SCV  
  19  1:30  SCV  
  20  1:43  Factory  
  20  1:45  Orbital Command  
  20  1:49  Barracks Tech Lab  
  20  2:06  Command Center  
  20  2:14  SCV  
  21  2:21  Refinery  
  21  2:25  Supply Depot  
  21  2:26  SCV  
  22  2:43  SCV  
  23  2:50  Cyclone  
  26  3:05  Supply Depot  
  26  3:12  Supply Depot  
  26  3:19  Orbital Command  
  26  3:26  SCV  
  27  3:29  Factory  
  27  3:38  SCV  
  28  3:42  Factory  
  28  3:44  Siege Tank  
  31  3:51  SCV  
  31  3:55  SCV  
  33  4:03  Armory  
  33  4:04  SCV  
  34  4:16  SCV  
  32  4:37  Factory Tech Lab  
  32  4:38  Factory Tech Lab  
  32  4:45  SCV  
  33  4:47  Refinery x2  
  33  4:49  Siege Tank  
  36  4:59  SCV, Command Center  
  37  5:07  Cyclone x2  
  37  5:11  SCV  
  37  5:12  Terran Vehicle And Ship Armor Level 1  
  44  5:16  Mag-Field Accelerator  
  44  5:22  Armory  
  44  5:26  Cyclone  
  47  5:41  SCV  
  48  5:53  SCV  
  49  6:05  SCV  
  50  6:12  Cyclone x2  
  50  6:14  Cyclone  
  50  6:15  Terran Vehicle Weapons Level 1  
  50  6:17  SCV  
  60  6:21  Factory  
  60  6:24  Factory  
  60  6:25  SCV  
  61  6:29  SCV  
  62  6:34  Engineering Bay  
  62  6:41  Orbital Command  
  62  7:02  Drilling Claws, Command Center  
  62  7:04  Smart Servos  
  62  7:09  Siege Tank x3  
  71  7:17  Factory Reactor  
  71  7:18  Factory Reactor  
  71  7:35  Terran Vehicle And Ship Armor Level 2  
  71  7:40  Missile Turret  
  71  7:53  Siege Tank x2  
  77  7:59  Orbital Command  
  77  8:14  Hellion x5  
  77  8:17  Orbital Command  
  87  8:22  Command Center  
  87  8:36  Hellion x2  
  91  8:51  Terran Vehicle Weapons Level 2  
  91  8:57  Supply Depot  
  91  8:59  Supply Depot  
  91  9:01  Supply Depot  
  91  9:03  Supply Depot  
  92  9:17  SCV  
  92  9:18  Thor  
  92  9:20  Thor  
  104  9:38  Orbital Command  
  104  9:41  SCV x4  
  108  9:53  SCV x4  
  112  10:05  SCV x2  
  114  10:26  Thor  
  114  10:27  Thor x2  
  132  10:31  Widow Mine  
  132  10:32  Widow Mine x2  
  138  10:41  Supply Depot  
  138  10:44  Supply Depot  
  138  10:47  Supply Depot  
  138  10:49  Supply Depot  
  138  10:54  Supply Depot  
  138  10:57  Supply Depot  
  138  10:58  Supply Depot  
  138  11:01  Supply Depot  
  138  11:03  Widow Mine x3  
  144  11:07  Refinery  
  144  11:10  Siege Tank x3  
  153  11:11  Refinery  
  153  11:45  Factory  
  153  11:49  Factory  
  153  11:57  Factory  
  153  12:10  Widow Mine x3  
  153  12:11  Widow Mine x4  
  167  12:31  Widow Mine, Factory Tech Lab  
  167  12:32  Widow Mine x2  
  167  12:33  Factory Tech Lab  
  173  12:38  SCV  
  173  12:39  SCV x4  
  178  12:51  SCV  
  179  13:04  Factory Tech Lab  
  100  14:09  Siege Tank x3  
  101  14:10  Siege Tank x3  
  101  14:13  Hellion x3  
  101  14:14  Hellion  
  90  14:34  Hellion  
  90  14:35  Hellion x3  
  98  14:41  Siege Tank x3  
  98  14:42  Hellion  
  100  15:02  Widow Mine x3, Command Center  
  100  15:03  Widow Mine x3  
  100  15:06  Command Center  
  112  15:13  Widow Mine  
  112  15:14  Widow Mine x2  
  118  15:19  Refinery  
  118  15:23  Widow Mine  
  118  15:24  Widow Mine x4  
  118  15:25  Refinery, Widow Mine  
  130  15:35  Widow Mine x3  
  136  15:46  Command Center  
  115  16:28  Cyclone  
  115  16:29  Cyclone x4  
  126  17:00  Cyclone  
  126  17:01  Siege Tank, Cyclone x3  
  112  17:27  Orbital Command  
  112  17:33  Siege Tank x5  
  124  17:48  Planetary Fortress  
  124  17:49  Planetary Fortress  
  124  18:05  Siege Tank  
  127  18:15  Siege Tank  
  127  18:16  Siege Tank x3  
  127  18:18  Widow Mine x4  
  124  18:37  Siege Tank  
  124  18:39  Widow Mine  
  129  18:48  Siege Tank x4  
  104  19:09  Siege Tank  
  107  19:21  Widow Mine x3  
  107  19:22  Widow Mine x5  
  123  19:41  Widow Mine  
  123  19:43  Widow Mine, Siege Tank x3  
  110  20:10  Siege Tank  
  101  20:36  Widow Mine x5  
  101  20:37  Widow Mine x3  
  111  20:43  Hellion  
Show
View Real Time Build Order
Export as new Build Order

SeOuLStEaL Protoss 

Build Orders:  

Get SALT Encoding   

  12  0:01  Probe  
  13  0:13  Probe  
  14  0:18  Pylon  
  14  0:28  Probe  
  15  0:36  Probe  
  15  0:37  Gateway  
  16  0:44  Probe  
  16  0:48  Assimilator  
  17  0:55  Assimilator  
  17  0:59  Probe  
  18  1:11  Gateway  
  18  1:17  Probe  
  19  1:27  Cybernetics Core  
  19  1:35  Probe  
  20  1:40  Pylon  
  20  1:47  Probe  
  21  1:56  Adept x2  
  21  1:59  Probe  
  22  2:07  Warp Gate  
  25  2:13  Probe  
  26  2:29  Probe  
  27  2:30  Adept  
  27  2:31  Adept  
  31  2:48  Twilight Council  
  31  3:33  Resonating Glaives  
  27  3:35  Nexus  
  27  3:39  Pylon  
  27  3:48  Gateway  
  27  3:54  Pylon  
  28  3:56  Adept  
  28  3:57  Adept  
  31  4:04  Probe  
  32  4:13  Gateway  
  32  4:25  Gateway  
  32  4:33  Pylon  
  32  4:37  Probe  
  33  4:44  Robotics Facility  
  33  4:46  Probe  
  33  4:49  Probe  
  35  4:54  Probe  
  36  5:01  Probe  
  36  5:05  Gateway  
  37  5:13  Gateway  
  37  5:16  Probe  
  37  5:17  Probe  
  39  5:25  Probe  
  39  5:28  Probe  
  40  5:32  Warp Prism  
  40  5:33  Probe  
  41  5:40  Probe  
  45  5:45  Probe  
  45  5:48  Gateway  
  46  5:52  Probe  
  46  5:54  Gateway  
  48  6:04  Probe  
  48  6:05  Probe  
  49  6:16  Probe  
  50  6:23  Robotics Bay  
  50  6:27  Pylon  
  50  6:29  Nexus  
  50  6:31  Adept x3  
  50  6:32  Adept  
  58  6:37  Adept  
  60  6:44  Adept x2  
  48  7:02  Adept x4  
  48  7:03  Adept x2  
  60  7:09  Probe x2  
  62  7:21  Gravitic Drive  
  60  7:23  Assimilator x2, Pylon  
  60  7:25  Pylon  
  56  7:41  Adept x6  
  62  7:51  Adept x2  
  60  8:03  Adept x4  
  60  8:04  Adept  
  70  8:07  Probe x2  
  70  8:10  Colossus  
  68  8:19  Probe x2  
  56  8:26  Probe  
  52  8:29  Probe x2  
  55  8:34  Probe  
  55  8:37  Probe x2  
  58  8:42  Forge, Probe  
  58  8:45  Forge  
  58  8:46  Probe x2  
  59  8:53  Probe  
  62  8:58  Blink, Probe x2  
  62  8:59  Protoss Ground Armor Level 1  
  64  9:03  Extended Thermal Lance  
  64  9:06  Disruptor  
  67  9:12  Probe x3  
  67  9:16  Protoss Ground Weapons Level 1  
  67  9:17  Assimilator x2  
  70  9:24  Probe x3  
  70  9:27  Robotics Facility  
  73  9:36  Probe x3  
  76  9:45  Nexus  
  76  9:48  Probe  
  76  9:49  Probe x2  
  76  9:51  Disruptor  
  79  10:07  Pylon x2  
  82  10:08  Pylon  
  82  10:14  Nexus  
  82  10:18  Assimilator  
  82  10:19  Disruptor  
  85  10:21  Adept x2  
  85  10:23  Assimilator, Adept  
  85  10:25  Pylon  
  85  10:26  Observer  
  85  10:27  Adept x2  
  96  10:35  Disruptor  
  96  10:37  Adept x2  
  96  10:38  Adept  
  96  10:42  Assimilator  
  102  10:47  Disruptor  
  105  10:53  Stalker x2  
  109  10:58  Stalker x2  
  109  11:01  Protoss Ground Armor Level 2  
  116  11:06  Stalker x3  
  122  11:15  Disruptor  
  125  11:22  Adept x3  
  125  11:23  Adept  
  133  11:34  Pylon x3, Disruptor  
  136  11:40  Adept x2  
  136  11:41  Adept  
  136  11:45  Probe x2  
  136  11:46  Probe x2  
  146  11:55  Stalker x3  
  146  12:01  Stalker x2  
  156  12:11  Observer x2, Gravitic Boosters  
  156  12:13  Charge  
  158  12:31  Probe x5  
  163  12:43  Probe x5  
  168  12:56  Protoss Ground Weapons Level 2  
  161  13:25  Adept x7  
  161  13:26  Adept  
  177  13:45  Disruptor x2  
  115  14:21  Stalker x6  
  115  14:22  Stalker x2  
  115  14:23  Disruptor x2  
  112  14:45  Pylon  
  111  14:48  Pylon  
  111  14:55  Disruptor x2  
  117  15:07  Stalker x6  
  117  15:08  Stalker x2  
  133  15:14  Probe x3  
  133  15:15  Probe  
  133  15:16  Nexus  
  133  15:20  Pylon  
  137  15:21  Pylon x2  
  137  15:22  Pylon  
  137  15:25  Pylon  
  137  15:26  Probe x2  
  139  15:47  Stargate  
  139  15:48  Stargate  
  139  15:49  Stargate  
  139  15:50  Stargate  
  139  15:52  Stargate  
  135  16:14  Disruptor x2  
  135  16:19  Stalker x3  
  135  16:20  Stalker x4  
  135  16:21  Stalker  
  157  16:39  Templar Archives, Protoss Ground Weapons Level 3, Protoss Ground Armor Level 3  
  157  16:40  Observer  
  157  16:41  Fleet Beacon  
  157  16:43  Dark Shrine  
  157  16:55  Void Ray x3  
  157  16:56  Void Ray x2  
  134  17:34  Void Ray x5  
  126  17:43  Mothership  
  126  17:45  Anion Pulse-Crystals, Psionic Storm  
  126  17:46  Shadow Stride  
  154  18:07  Void Ray x2  
  153  18:16  Void Ray  
  153  18:17  Void Ray x2  
  173  18:22  Colossus  
  173  18:32  Colossus  
  191  19:19  Tempest x3  
  191  19:27  Nexus  
  200  19:36  Cybernetics Core  
  200  19:42  Assimilator  
  200  19:46  Assimilator  
  200  19:51  Pylon  
  200  19:52  Pylon  
  200  19:54  Pylon  
  200  19:57  Pylon  
Tags
 
Add a new tag
Caveats
  • Supply blocks, unpowered buildings, or Contaminate may cause inaccurate times.
  • Supply counts are checked every 10 seconds.